 Dungeon Crawl Stone Soup version 0.21.0-3-g78d12a8 (webtiles) character file.

1392 asthiss the Shield-Bearer (level 8, 0/73 HPs)
             Began as a Minotaur Fighter on Jan 11, 2018.
             Was an Initiate of Makhleb.
             Slain by a killer bee (3 damage)
             ... on level 6 of the Dungeon.
             The game lasted 00:17:40 (4117 turns).

asthiss the Shield-Bearer (Minotaur Fighter)        Turns: 4117, Time: 00:17:41

Health: 0/73       AC: 10    Str: 24 (26) XL:     8   Next: 41%
Magic:  7/7        EV:  9    Int:  2 (3)  God:    Makhleb [......]
Gold:   321        SH: 12    Dex:  9 (10) Spells: 7/7 levels left

rFire    . . .     SeeInvis .   a - +0 long sword
rCold    . . .     Gourm    .   c - +1 shield
rNeg     + + .     Faith    .   q - +3 leather armour of the Mackerel {rN+ Str+3 Int-2}
rPois    .         Spirit   .   (helmet restricted)
rElec    .         Reflect  .   g - +2 cloak
rCorr    .         Harm     .   (no gloves)
MR       .....                  (no boots)
Stlth    +.........             (no amulet)
HPRegen  0.22/turn              h - ring of wizardry
MPRegen  0.10/turn              x - ring of positive energy

@: lethally poisoned (0 -> -31)
A: retaliatory headbutt, horns 2
a: Renounce Religion


You were on level 6 of the Dungeon.
You worshipped Makhleb.
Makhleb was noncommittal.
You were not hungry.

You visited 1 branch of the dungeon, and saw 6 of its levels.
You also visited: Sewer.

You collected 321 gold pieces.

Inventory:

Hand Weapons
 a - a +0 long sword (weapon)
Missiles
 r - a throwing net (quivered)
Armour
 b - a +1 scale mail
 c - a +1 shield (worn)
 g - a +2 cloak (worn)
 l - a +2 robe of cold resistance
 q - the +3 leather armour of the Mackerel (worn) {rN+ Str+3 Int-2}
   (You found it on level 4 of the Dungeon)

   It affects your strength (+3).
   It affects your intelligence (-2).
   It protects you from negative energy.
Jewellery
 h - a ring of wizardry (left hand)
 j - an uncursed ring of wizardry
 x - a ring of positive energy (right hand)
Wands
 k - a wand of iceblast (9)
 v - a wand of paralysis (18)
 y - a wand of polymorph (13)
Scrolls
 p - 5 scrolls of remove curse
 s - 3 scrolls of blinking
 t - a scroll of identify
 u - 2 scrolls of teleportation
Potions
 d - 4 potions of might
 e - 5 potions of curing
 i - 5 potions of agility
 n - 3 potions of heal wounds
 o - 4 potions of brilliance
Books
 m - a book of Misfortune

   Spells                             Type                      Level
   a - Confusing Touch                Hexes                        1
   b - Confuse                        Hexes                        3
   c - Gell's Gravitas                Translocation                3
   d - Petrify                        Transmutation/Earth          4
   e - Metabolic Englaciation         Hexes/Ice                    5
   f - Yara's Violent Unravelling     Hexes/Transmutation          5
 w - a book of Necromancy

   Spells                             Type                      Level
   a - Pain                           Necromancy                   1
   b - Animate Skeleton               Necromancy                   1
   c - Vampiric Draining              Necromancy                   3
   d - Regeneration                   Charms/Necromancy            3
   e - Animate Dead                   Necromancy                   4
   f - Borgnjor's Vile Clutch         Necromancy/Earth             5
Comestibles
 f - 6 rations
 z - 4 chunks of flesh


   Skills:
 + Level 7.2 Fighting
 + Level 6.6 Long Blades
 + Level 7.2 Armour
 + Level 7.2 Shields


You had 7 spell levels left.
You didn't know any spells.

Dungeon Overview and Level Annotations

Branches:
Dungeon (6/15)
 Temple: D:4-7

Altars:
Gozag
Makhleb
Qazlal
Ru
Wu Jian
Xom


Innate Abilities, Weirdness & Mutations

You reflexively headbutt those who attack you in melee.
You have a pair of horns on your head.


Message History

You block the killer bee's attack. x2
The killer bee stings you but does no damage.
You feel sick. The killer bee closely misses you. You furiously retaliate!
You headbutt the killer bee! The killer bee closely misses you.
You miss the killer bee. Your headbutt misses the killer bee.
The killer bee is severely wounded.
You feel very sick. The killer bee stings you!
* * * LOW HITPOINT WARNING * * *
You are more poisoned.
The killer bee poisons you! The killer bee stings you.
* * * LOW HITPOINT WARNING * * *
You are more poisoned.
The killer bee poisons you!
You barely miss the killer bee.
The killer bee is severely wounded.
* * * LOW HITPOINT WARNING * * *
You feel very sick. The killer bee stings you.
You die...

##...................#..
#...................##.
########..............##.
.......#.............###.
.....................+...
.....................####
................ #
.......†.†###... .
#######y@†# ... #.
#............ ..
#............ ...
#.............
#...........##
#...........#
#...........#
#........####


You could see a killer bee.

Vanquished Creatures
  Pikel (D:4)
  2 big kobolds (Sewer)
  4 killer bees (D:6)
  3 crimson imps
  A hound (D:4)
  2 orc priests (D:6)
  Jessica (D:2)
  2 iguanas
  4 orc wizards
  5 worker ants
  6 adders
  A shadow imp (D:5)
  2 oozes
  2 worms
  2 dart slugs (D:1)
  A leopard gecko (D:4)
  8 orcs
  A ball python (Sewer)
  3 giant cockroaches (Sewer)
  7 hobgoblins
  6 jackals
  16 kobolds
  4 quokkas
  7 bats
  3 frilled lizards (D:1)
  2 goblins
  A leopard gecko skeleton (D:4)
  7 rats
104 creatures vanquished.

Notes
Turn   | Place    | Note
-------+----------+-------------------------------------------
     0 | D:1      | asthiss the Minotaur Fighter began the quest for the Orb.
     0 | D:1      | Reached XP level 1. HP: 19/19 MP: 0/0
   115 | D:1      | Reached XP level 2. HP: 24/27 MP: 1/1
   429 | D:2      | Reached XP level 3. HP: 28/33 MP: 2/2
   717 | D:2      | Reached XP level 4. HP: 40/40 MP: 3/3
  1183 | D:2      | Noticed Jessica
  1186 | D:2      | Killed Jessica
  1186 | D:2      | Reached XP level 5. HP: 47/47 MP: 4/4
  1335 | D:2      | Found a stormy altar of Qazlal.
  1747 | D:3      | Found an ornate altar of the Wu Jian Council.
  2125 | D:3      | Found a glowing drain.
  2144 | D:3      | Reached skill level 5 in Armour
  2148 | Sewer    | Entered a sewer
  2248 | Sewer    | Reached skill level 5 in Fighting
  2248 | Sewer    | Reached skill level 5 in Shields
  2248 | Sewer    | Reached XP level 6. HP: 53/56 MP: 5/5
  2534 | D:4      | Noticed a slave
  2534 | D:4      | Noticed a slave
  2535 | D:4      | Noticed a slave
  2535 | D:4      | Noticed a slave
  2536 | D:4      | Noticed Pikel
  2545 | D:4      | Killed Pikel
  2545 | D:4      | Reached skill level 5 in Long Blades
  2545 | D:4      | Reached XP level 7. HP: 36/63 MP: 6/6
  2622 | D:4      | Found a sacrificial altar of Ru.
  2624 | D:4      | Found an opulent altar of Gozag.
  2684 | D:4      | Got a shimmering leather armour
  2931 | D:4      | Found a burning altar of Makhleb.
  2932 | D:4      | Found a shimmering altar of Xom.
  2943 | D:4      | Became a worshipper of Makhleb the Destroyer
  3003 | D:4      | Found a burning altar of Makhleb.
  3003 | D:4      | Noticed a cacodemon
  3181 | D:4      | Identified the +3 leather armour of the Mackerel {rN+ Str+3 Int-2} (You found it on level 4 of the Dungeon)
  3202 | D:5      | Entered Level 5 of the Dungeon
  3289 | D:5      | Reached XP level 8. HP: 41/71 MP: 7/7
  3575 | D:5      | Found a stormy altar of Qazlal.
  4116 | D:6      | HP: 7/73 [killer bee (6)]
  4117 | D:6      | HP: 3/73 [poisoned by a killer bee]
  4117 | D:6      | Slain by a killer bee

Skill      XL: |  1  2  3  4  5  6  7  8 |
---------------+-------------------------+-----
Armour         | 4 5 6 7 |  7.2
Shields        | 4 5 6 7 |  7.2
Fighting       | 4 5 6 7 |  7.2
Long Blades    | 3 4 5 6 |  6.6

Action                   |  1- 3 |  4- 6 |  7- 9 || total
-------------------------+-------+-------+-------++-------
Melee: Long sword        |    59 |   135 |   110 ||   304
       Headbutt          |    10 |    27 |    20 ||    57
  Use: Potion            |     4 |     3 |     2 ||     9
       Scroll            |     3 |     4 |     4 ||    11
  Eat: Ration            |       |     1 |     1 ||     2
       Chunk             |       |     2 |     3 ||     5
Armor: Scale mail        |    30 |    69 |    10 ||   109
       Leather armour    |       |       |    39 ||    39
Dodge: Dodged            |    23 |    37 |    58 ||   118
Block: Shield            |    27 |    80 |    77 ||   184
       Rpst.: Long sword |     6 |    12 |    19 ||    37
